 Dungeon Crawl Stone Soup version 0.29-a0-1043-g569b05d6ff (webtiles) character file.

Game seed: 8696660036653203881

644 siradein the Shooter (level 7, -7/44 HPs)
             Began as a Kobold Hunter on Aug 15, 2022.
             Killed by divine providence
             ... invoked by an orc priest
              (11 damage)
             ... on level 4 of the Dungeon.
             The game lasted 00:06:33 (4698 turns).

siradein the Shooter (Kobold Hunter)                Turns: 4698, Time: 00:06:33

Health: -7/44      AC:  5    Str:  8    XL:     7   Next: 82%
Magic:  7/7        EV: 17    Int: 10    God:
Gold:   172        SH:  0    Dex: 21    Spells: 6/6 levels left

rFire   . . .      SeeInvis .   a - +0 shortbow
rCold   . . .      Faith    .   (shield currently unavailable)
rNeg    . . .      Spirit   .   c - +0 leather armour
rPois   .          Reflect  .   l - +0 helmet
rElec   .          Harm     .   (no cloak)
rCorr   .          Rampage  .   n - +0 pair of gloves
Will    .....                   (no boots)
Stlth   ++++......              (no amulet)
HPRegen 0.14/turn               (no ring)
MPRegen 0.10/turn               (no ring)

@: no status effects
A: small, no large weapons, nightstalker 3
a: no special abilities


You were on level 4 of the Dungeon.
You visited 1 branch of the dungeon, and saw 4 of its levels.

You collected 172 gold pieces.

Inventory:

Hand Weapons
 a - a +0 shortbow (weapon)
Armour
 c - a +0 leather armour (worn)
 l - a +0 helmet (worn)
 n - a +0 pair of gloves (worn)
Scrolls
 b - 2 scrolls of immolation
 d - a scroll of acquirement {unknown}
 f - 2 scrolls of blinking {unknown}
 g - 4 scrolls of amnesia
 h - a scroll of teleportation {unknown}
 i - 2 scrolls of fear
 m - 2 scrolls of magic mapping {unknown}
 o - a scroll of enchant weapon {unknown}
 p - a scroll of enchant armour {unknown}
 s - a scroll of summoning
 w - 2 scrolls of identify
Potions
 e - a potion of ambrosia {unknown}
 j - a potion of attraction {unknown}
 k - 2 potions of curing
 q - a potion of resistance {unknown}
 r - a potion of magic {unknown}
 t - a potion of mutation {unknown}
 u - a potion of heal wounds {unknown}
 v - a potion of might {unknown}


   Skills:
 + Level 4.8 Fighting
 + Level 7.4 Ranged Weapons
 + Level 5.2 Dodging
 + Level 5.7 Stealth


You had 6 spell levels left.
You didn't know any spells.
Your spell library contained the following spells:

 Spells                   Type           Power      Damage    Failure   Level
 Scorch                   Fire           0%         2d5       63%         2
 Tukima's Dance           Hex            0%         N/A       86%         3
 Flame Wave               Conj/Fire      0%         2d4       99%         4
 Passage of Golubria      Tloc           0%         N/A       99%         4
 Yara's Violent Unravell  Hex/Tmut       0%         3d3       100%        5
 Summon Cactus Giant      Summ           0%         N/A       100%        6


Dungeon Overview and Level Annotations

Branches:
Dungeon (4/15)
 Temple: D:4-7

Altars:
Qazlal

Annotations:
D:3 1 runed translucent door
D:4 2 runed translucent doors


Innate Abilities, Weirdness & Mutations

You are small and have problems with some larger weapons.
You are completely attuned to the shadows.


Message History

Things that are here:
a +0 short sword; a stone; a kobold skeleton You shoot an arrow.
The orc priest shouts!
The arrow hits the orc priest but does no damage.
The orc priest calls down the wrath of Beogh upon you.
Beogh smites you!
You shoot an arrow. The arrow barely misses the orc priest.
You shoot an arrow. The arrow barely misses the orc priest.
You hear a shout!
You shoot an arrow. The arrow hits the orc priest!
The orc priest is heavily wounded.
You hear a shout!
The orc priest miscasts a cantrip.
You shoot an arrow.
The arrow hits the orc priest but does no damage.
The orc priest is moderately wounded.
You shoot an arrow. The arrow hits the orc priest!
The orc priest is almost dead.
The orc priest hits you with a +0 flail.
You shoot an arrow.
The arrow hits the orc priest but does no damage.
The orc priest is almost dead.
The orc priest mumbles some strange prayers to Beogh against you.
Beogh smites you!
You are too injured to fight recklessly!
You are too injured to fight recklessly!
You are too injured to fight recklessly!
Unknown command.
The orc attacks as you move away! The orc closely misses you.
The orc attacks as you move away!
The orc unwields a +0 sling.
The orc wields a +0 short sword.
The orc hits you but does no damage.
The orc priest attacks as you move away!
The orc priest completely misses you.
The orc priest invokes the aid of Beogh against you.
Beogh smites you!
* * * LOW HITPOINT WARNING * * *
The orc priest mumbles some strange prayers to Beogh against you.
Beogh smites you!
You die...

### ########## ######
#.##########
...#.....###....######...........
.........÷....o.@.)÷.........>###
.....oo.......o.######..##......#
.........###.o..# #..........#
.##.............# ##.##......#
.##.####........# #.##.......
.##.# #........## ##.#####+###
.##.# ###++####.# #...##.)....
.##.# .......##.## #...#######.
#.. #≈.#.8~≈#..# #...'.......


You could see an orc priest and 2 orcs.

Vanquished Creatures
  Grinder (D:3)
  A sky beast (D:4)
  A phantom (D:4)
  A necrophage (D:4)
  A hound (D:4)
  An iguana (D:4)
  4 gnolls
  7 adders
  An orc (D:3)
  5 endoplasms
  7 goblins
  8 hobgoblins
  7 jackals
  A quokka (D:2)
  6 ball pythons
  4 bats
  3 frilled lizards
  10 kobolds
  2 rats
71 creatures vanquished.

Notes
Turn   | Place    | Note
-------+----------+-------------------------------------------
     0 | D:1      | siradein the Kobold Hunter began the quest for the Orb.
     0 | D:1      | Reached XP level 1. HP: 12/12 MP: 1/1
   363 | D:1      | Reached XP level 2. HP: 18/18 MP: 2/2
   577 | D:1      | Found a faded altar of an unknown god.
  1578 | D:2      | Reached XP level 3. HP: 22/22 MP: 3/3
  1968 | D:2      | Reached XP level 4. HP: 27/27 MP: 4/4
  2531 | D:3      | Reached skill level 6 in Ranged Weapons
  2531 | D:3      | Reached XP level 5. HP: 30/32 MP: 5/5
  2686 | D:3      | Found a runed translucent door.
  3044 | D:3      | Noticed Grinder
  3048 | D:3      | Paralysed by Grinder for 4 turns
  3063 | D:3      | Killed Grinder
  3064 | D:3      | Reached XP level 6. HP: 9/38 MP: 6/6
  3808 | D:4      | Found a large runed translucent door.
  3971 | D:4      | Reached XP level 7. HP: 39/44 MP: 7/7
  4089 | D:4      | Reached skill level 5 in Stealth
  4199 | D:4      | Reached skill level 7 in Ranged Weapons
  4330 | D:4      | Found a stormy altar of Qazlal.
  4385 | D:4      | Found a large runed translucent door.
  4412 | D:4      | Reached skill level 5 in Dodging
  4698 | D:4      | Killed from afar by an orc priest

Illustrated notes

Levels and vault maps discovered:
D:1:      dpeg_arrival_circle_labyrinth_c, layout_basic,
          shapermc_ecumenical_altar_mp_urbaneastern
D:2:      layout_loops_cross, amcnicky_mini_pool_small
D:3:      layout_loops_ring, ebering_ghost_reflecting_pool, uniq_grinder
D:4:      black_bear_nest_2, layout_basic, lemuel_round_altar,
          ebering_ghost_disaster_area

Skill      XL: |  1  2  3  4  5  6  7 |
---------------+----------------------+-----
Stealth        | 2 3 4 5 |  5.7
Dodging        | 3 4 5 |  5.2
Fighting       | 3 4 |  4.8
Ranged Weapons | 6 7 |  7.4

Action                   |  1- 3 |  4- 6 |  7- 9 || total
-------------------------+-------+-------+-------++-------
 Fire: Shortbow          |    71 |    98 |    60 ||   229
  Use: Scroll            |       |     5 |       ||     5
Armor: Leather armour    |    13 |    10 |     8 ||    31
Dodge: Dodged            |    24 |    40 |    44 ||   108

Table legend: (Time is in decaauts)
 A = Elapsed time spent in this place.
 B = Non-inter-level travel time spent in this place.
 C = Inter-level travel time spent in this place.
 D = Time resting spent in this place.
 E = Time spent auto-exploring this place.
 F = Levels seen in this place.
 G = Mean time per level.
                   A        B        C        D        E       F      G
               +--------+--------+--------+--------+--------+-----+--------+
         Total |   4753 |   4520 |    233 |      0 |   3883 |   4 | 1188.2 |
       Dungeon |   4753 |   4520 |    233 |      0 |   3883 |   4 | 1188.2 |
               +--------+--------+--------+--------+--------+-----+--------+

Top non-repeatable levels by time:
     D:1: 1584 daAuts
     D:3: 1351 daAuts
     D:4: 921 daAuts
     D:2: 896 daAuts
